 Dungeon Crawl Stone Soup version 0.31-a0-620-gd1cbd99268 (webtiles) character file.

Game seed: 12155431437906751932

2923 Shayle the Fighter (level 9, 0/101 HPs)
             Began as an Ogre Shapeshifter on Aug 22, 2023.
             Was a Follower of Kikubaaqudgha.
             Slain by a hornet (10 damage)
             ... on level 8 of the Dungeon on Aug 23, 2023.
             The game lasted 00:23:07 (9918 turns).

Shayle the Fighter (Ogre Shapeshifter)              Turns: 9918, Time: 00:23:08

Health: 0/101      AC:  3    Str: 21    XL:     9   Next: 79%
Magic:  21/21      EV:  9    Int: 16    God:    Kikubaaqudgha [*.....]
Gold:   370        SH:  5    Dex:  9    Spells: 24/24 levels left

rFire   + . .        l - +6 spear of the Hidden Beasts {speed, +Blink Fly Will+ Int+3 Stlth+}
rCold   . . .        (no shield)
rNeg    . . .        a - +0 animal skin
rPois   .            (helmet currently unavailable)
rElec   .            (cloak currently unavailable)
rCorr   +            (gloves unavailable)
SInv    .            (boots unavailable)
Will    +....        t - amulet of reflection
Stlth   ++           p - ring of resist corrosion
HPRegen 0.36/turn    s - ring of protection from fire
MPRegen 0.17/turn

%: reflection
@: mighty, beast-form, flying, slowed, very slow
A: beast (slay +1), large, unfitting armour, tough skin 1
a: Begin Untransformation, Renounce Religion, Evoke Blink, Unearth Wretches


You were on level 8 of the Dungeon.
You worshipped Kikubaaqudgha.
Kikubaaqudgha was aware of your devotion.
You were a hulking beast.
You visited 2 branches of the dungeon, and saw 9 of its levels.

You collected 370 gold pieces.

Inventory:

Hand Weapons
 j - a +2 spectral club
 l - the +6 spear of the Hidden Beasts (weapon) {speed, +Blink Fly Will+ Int+3 Stlth+}
   (You took it off an orc priest on level 7 of the Dungeon)

   Int+3:     It affects your intelligence (+3).
   Will+:     It increases your willpower.
   Fly:       It grants you flight.
   +Blink:    It lets you blink.
   Stlth+:    It makes you more stealthy.
 y - a +8 long sword
Armour
 a - a +0 animal skin (worn)
 b - a +1 hat
Jewellery
 p - a ring of resist corrosion (left hand)
 s - a ring of protection from fire (right hand)
 t - an amulet of reflection (around neck)
Talismans
 c - a beast talisman (active)
 d - a flux talisman
Wands
 i - a wand of flame (29)
Scrolls
 f - 3 scrolls of teleportation {unknown}
 g - a scroll of silence
 n - 2 scrolls of amnesia
 o - 2 scrolls of revelation
 q - 2 scrolls of enchant armour
 r - 2 scrolls of immolation
 z - a scroll of vulnerability
Potions
 e - 3 potions of haste
 h - 2 potions of brilliance
 k - 2 potions of curing
 m - a potion of degeneration
 v - a potion of ambrosia


   Skills:
 + Level 10.1 Fighting
 - Level 1.7 Dodging
 + Level 7.4 Unarmed Combat
 + Level 8.2 Spellcasting
 - Level 3.0 Shapeshifting


You had 24 spell levels left.
You didn't know any spells.
Your spell library contained the following spells:

 Spells                   Type           Power      Damage    Failure   Level
 Kiss of Death            Conj/Necr      24%        2d7       11%         1
 Necrotise                Necr           24%        1d5       11%         1
 Summon Small Mammal      Summ           24%        N/A       11%         1
 Cigotuvi's Dreadful Rot  Necr/Pois/Air  12%        N/A       17%         2
 Call Canine Familiar     Summ           6%         N/A       32%         3
 Summon Guardian Golem    Hex/Summ       6%         N/A       32%         3
 Animate Dead             Necr           6%         N/A       73%         4


Dungeon Overview and Level Annotations

Branches:
Dungeon (8/15)             Temple (1/1) D:6            Lair (0/5) D:8

Altars:
Ashenzari
Cheibriados
Dithmenos
Elyvilon
Fedhas
Gozag
Hepliaklqana
Kikubaaqudgha
Makhleb
Nemelex Xobeh
Okawaru
Qazlal
Ru
Sif Muna
Trog
Uskayaw
Vehumet
Wu Jian
Xom
Yredelemnul
Zin

Annotations:
D:3 2 transporters
D:6 3 runed translucent doors, Rohain's ghost, novice DjFE
Temple 2 transporters


Innate Abilities, Weirdness & Mutations

You are a hulking beast.
Your limbs bulge with bestial killing power. (Slay +1)
You are too large for most types of armour.
You have tough skin. (AC +1)


Message History

You feel as though you will be slow longer.
You feel very sick. The hornet stings you!
You feel as though you will be slow longer.
The hornet stings you!
You are more poisoned.
You feel as though you will be slow longer.
You can move again.
Okay, then.
You barely miss the hornet.
You feel very sick.
The hornet stings you but does no damage.
Unknown command.
You miss the hornet.
You feel very sick. The hornet barely misses you. x2
You feel better. The hornet completely misses you. The hornet stings you.
You feel as though you will be slow longer.
You feel very mighty all of a sudden.
The hornet stings you but does no damage.
The hornet stings you!
You feel as though you will be slow longer.
You puncture the hornet!
The hornet is heavily wounded.
The hornet stings you!
* * * LOW HITPOINT WARNING * * *
You feel as though you will be slow longer.
The hornet stings you!
* * * LOW HITPOINT WARNING * * *
You feel as though you will be slow longer.
Unknown command.
Okay, then.
Okay, then.
Okay, then.
Okay, then.
You puncture the hornet! Your punch misses the hornet.
The hornet is severely wounded.
The hornet stings you!
You die...
Kikubaaqudgha rasps: "You have failed me!
Welcome... death!"

#..# ##. ###..#####
#.. #.......># ##.
#######.#..###.######
## #................
..# #.##......####.##
#.#
#.#...####.#<###.#
#.<.....#.###.##.#
#.##.##yh#
##.#.######## #.
#.##.## ##...>......
.....###.##
##.##.####### ##.
#......###.## .# #.
#######.#.## .# ..
##[## .# #. ### .# .#
..


You could see a hornet.

Vanquished Creatures
  Grinder (D:6)
  Sigmund (D:6)
  An ice beast (D:5)
  2 sky beasts (D:6)
  A black bear (D:4)
  An ogre (D:4)
  2 phantoms (D:5)
  Blork the orc (D:6)
  5 bullfrogs
  A gnoll sergeant (D:7)
  6 scorpions
  4 wights (D:6)
  4 hounds
  3 jellies
  6 orc priests
  2 iguanas
  Jessica (D:2)
  6 orc wizards
  7 adders
  13 gnolls
  2 ufetubi
  A worm (D:4)
  7 dart slugs
  18 orcs
  2 ball pythons
  2 bats
  11 endoplasms
  3 giant cockroaches
  6 hobgoblins
  10 jackals
  7 kobolds
  5 quokkas
  A frilled lizard (D:2)
  6 goblins
  5 rats
  A spectral orc (D:4)
155 creatures vanquished.

Vanquished Creatures (others)
  A quokka (D:6)
1 creature vanquished.

Grand Total: 156 creatures vanquished

Notes
Turn   | Place    | Note
-------+----------+-------------------------------------------
     0 | D:1      | Shayle the Ogre Shapeshifter began the quest for the Orb.
     0 | D:1      | Reached XP level 1. HP: 19/19 MP: 1/1
   201 | D:1      | Reached skill level 2 in Fighting
   201 | D:1      | Reached XP level 2. HP: 28/28 MP: 1/3
   333 | D:1      | Reached skill level 1 in Spellcasting
   507 | D:2      | Reached XP level 3. HP: 29/36 MP: 3/5
   934 | D:2      | Reached skill level 3 in Fighting
   965 | D:2      | Noticed Jessica
   972 | D:2      | Killed Jessica
   973 | D:2      | Reached XP level 4. HP: 20/45 MP: 5/7
  1598 | D:3      | Found a shadowy altar of Dithmenos.
  1608 | D:3      | Found a transporter.
  1859 | D:3      | Found a transporter.
  2430 | D:3      | Reached XP level 5. HP: 51/54 MP: 8/8
  2683 | D:4      | Reached skill level 4 in Fighting
  2838 | D:4      | Found a hazy altar of Hepliaklqana.
  2857 | D:4      | Noticed a black bear
  2864 | D:4      | Killed a black bear
  2865 | D:4      | Reached XP level 6. HP: 37/63 MP: 9/11
  3003 | D:4      | Reached skill level 5 in Fighting
  3611 | D:5      | Entered Level 5 of the Dungeon
  3671 | D:5      | Reached XP level 7. HP: 44/74 MP: 13/13
  3683 | D:5      | HP: 2/74 [orc/+0 flail (6)]
  3999 | D:5      | Reached skill level 6 in Fighting
  4138 | D:5      | Reached skill level 5 in Unarmed Combat
  4260 | D:5      | Reached skill level 5 in Spellcasting
  4864 | D:4      | Reached XP level 8. HP: 81/84 MP: 14/16
  4882 | D:5      | Reached skill level 7 in Fighting
  5474 | D:6      | Found a staircase to the Ecumenical Temple.
  5489 | Temple   | Found a transporter.
  5489 | Temple   | Found a transporter.
  5489 | Temple   | Found a transporter.
  5489 | Temple   | Found a transporter.
  5489 | Temple   | Entered the Ecumenical Temple
  5503 | Temple   | Became a worshipper of Kikubaaqudgha
  5555 | D:6      | Found a white marble altar of Elyvilon.
  5690 | D:6      | Reached skill level 8 in Fighting
  5858 | D:6      | Noticed Sigmund
  5874 | D:6      | Killed Sigmund
  6079 | D:6      | Noticed Blork the orc
  6082 | D:6      | Reached XP level 9. HP: 53/97 MP: 19/19
  6087 | D:6      | Killed Blork the orc
  6327 | D:6      | Reached skill level 9 in Fighting
  6440 | D:6      | Found a runed translucent gate.
  6440 | D:6      | Found a runed translucent gate.
  6440 | D:6      | Found a runed translucent gate.
  6442 | D:6      | Found an opulent altar of Gozag.
  6446 | D:6      | Noticed Rohain's ghost (novice DjFE)
  6492 | D:6      | Noticed Grinder
  6507 | D:6      | Killed Grinder
  7765 | D:7      | Identified the +6 spear of the Hidden Beasts {speed, +Blink
                  | Fly Will+ Int+3 Stlth+}
  7815 | D:6      | HP: 3/100 [poisoned by a scorpion]
  8156 | D:7      | Upgraded the game from 0.31-a0-618-g7ca08c1ff9 to
                  | 0.31-a0-620-gd1cbd99268
  8441 | D:7      | HP: 5/101 [orc/+0 trident (2)]
  8455 | D:7      | HP: 5/101 [something/puff of flame (4)]
  8457 | D:8      | Noticed a hornet
  8471 | D:7      | HP: 5/101 [something (3)]
  8479 | D:7      | HP: 4/101 [something/puff of flame (3)]
  8890 | D:7      | Identified the +1 robe "Baevups" {rF- rC+ rN+ Int+3}
  9258 | D:7      | Reached skill level 10 in Fighting
  9503 | D:8      | Reached * piety under Kikubaaqudgha
  9503 | D:8      | Received a gift from Kikubaaqudgha
  9893 | D:8      | Found a staircase to the Lair.
  9909 | D:8      | Paralysed by a hornet for 3 turns
  9918 | D:8      | Slain by a hornet

Illustrated notes

Levels and vault maps discovered:
D:1:      onia_arrival_mini_spirals, layout_basic, minmay_misc_feat_x,
          skrybe_limestone_x
D:2:      layout_loops_corners, dk_noncrumbling_3, uniq_jessica
D:3:      gammafunk_steamed_eel, layout_loops_corners,
          mainiacjoe_overflow_catwalk, amethyst_killhole
D:4:      layout_cave_pools, nicolae_hepliaklqana_monster_ancestors,
          minmay_ruptured
D:5:      layout_layer_cave, grunt_ministairs_9
D:6:      layout_loops_ring, elyvilon_altar_4, minmay_temple_entry_waves,
          ebering_ghost_gozag, uniq_sigmund, uniq_grinder, uniq_blork_the_orc
D:7:      layout_loops_corners, chequers_mini_garden
D:8:      layout_loops_ring, lair_entry_dummy, uniq_grum
Temple:   hellmonk_temple_divided_pantheon

Skill      XL: |  1  2  3  4  5  6  7  8  9 |
---------------+----------------------------+-----
Fighting       | 2 3 4 5 6 8 10 | 10.1
Unarmed Combat | 3 4 5 6 7 |  7.4
Spellcasting   | 1 2 3 4 5 6 8 |  8.2
Dodging        | |  1.7
Shapeshifting  | |  3.0

Action                     |  1- 3 |  4- 6 |  7- 9 || total
---------------------------+-------+-------+-------++-------
  Melee: Unarmed           |    84 |       |       ||    84
         Punch             |     2 |     2 |    10 ||    14
         Club              |       |   134 |    82 ||   216
         Long sword        |       |       |   121 ||   121
         Spear             |       |       |    64 ||    64
  Evoke: Wand              |       |       |    13 ||    13
    Use: Potion            |     4 |     3 |    11 ||    18
         Scroll            |       |     6 |     9 ||    15
   Stab: Sleeping          |       |     3 |       ||     3
         Distracted        |       |       |     1 ||     1
 Armour: Animal skin       |    26 |    45 |    51 ||   122
         Skin              |       |    33 |       ||    33
  Dodge: Dodged            |    31 |    72 |   142 ||   245
  Block: Other             |       |     6 |    85 ||    91
         Reflection        |       |       |     1 ||     1

Table legend: (Time is in decaauts)
 A = Elapsed time spent in this place.
 B = Non-inter-level travel time spent in this place.
 C = Inter-level travel time spent in this place.
 D = Time resting spent in this place.
 E = Time spent auto-exploring this place.
 F = Levels seen in this place.
 G = Mean time per level.
                   A        B        C        D        E       F      G
               +--------+--------+--------+--------+--------+-----+--------+
         Total |   9995 |   9627 |    368 |   2446 |   5443 |   9 | 1110.6 |
       Dungeon |   9950 |   9594 |    356 |   2446 |   5443 |   8 | 1243.8 |
        Temple |     44 |     32 |     12 |      0 |      0 |   1 |   44.0 |
               +--------+--------+--------+--------+--------+-----+--------+

Top non-repeatable levels by time:
     D:6: 2545 daAuts
     D:5: 1873 daAuts
     D:7: 1536 daAuts
     D:2: 1132 daAuts
     D:4: 1127 daAuts
     D:3: 935 daAuts
     D:1: 445 daAuts
     D:8: 355 daAuts
  Temple: 44 daAuts
